 Dungeon Crawl Stone Soup version 0.20.1-1-g8b1a95d (webtiles) character file.

380 RusskiyBorsh the Slasher (level 6, -5/48 HPs)
             Began as a Demonspawn Abyssal Knight on Aug 23, 2017.
             Was a Believer of Lugonu.
             Slain by Crazy Yiuf
             ... wielding a +4 quarterstaff of chaos
              (14 damage)
             ... on level 3 of the Dungeon.
             The game lasted 00:27:40 (4771 turns).

RusskiyBorsh the Slasher (DsAK)                     Turns: 4771, Time: 00:27:41

Health: -5/48      AC:  8    Str: 15    XL:     6   Next: 46%
Magic:  5/7        EV:  1    Int: 13    God:    Lugonu [**....]
Gold:   215        SH: 10    Dex: 12    Spells: 5/5 levels left

rFire    . . .     SeeInvis .   a - +2 falchion
rCold    . . .     Gourm    +   j - +0 large shield
rNeg     . . .     Faith    .   h - +0 chain mail
rPois    .         Spirit   .   (helmet restricted)
rElec    .         Reflect  .   (no cloak)
rCorr    .         Harm     .   (no gloves)
MR       .....                  (no boots)
Stlth    ..........             n - amulet of the gourmand
Regen    0.2/turn               (no ring)
MPRegen  0.1/turn               (no ring)

@: very slightly contaminated, heavily drained, invisible
A: antennae 1
a: Depart the Abyss, Bend Space, Renounce Religion


You were on level 3 of the Dungeon.
You worshipped Lugonu.
Lugonu was pleased with you.
You were hungry.

You visited 1 branch of the dungeon, and saw 3 of its levels.
You visited the Abyss 1 time.

You collected 215 gold pieces.

Inventory:

Hand Weapons
 a - a +2 falchion (weapon)
 x - a +0 blowgun
Missiles
 y - 11 poisoned needles
Armour
 b - a +0 leather armour
 h - a +0 chain mail (worn)
 j - a +0 large shield (worn)
Jewellery
 n - an amulet of the gourmand (around neck)
 u - an uncursed ring of poison resistance {unknown}
Scrolls
 d - 2 scrolls of identify
 f - a scroll of enchant armour {unknown}
 m - 2 scrolls of remove curse
 t - a scroll of teleportation
 z - 2 scrolls of recharging {unknown}
Potions
 g - a potion of haste {unknown}
 i - a potion of cancellation {unknown}
 p - a potion of curing
 q - a potion of mutation {unknown}
 r - a potion of heal wounds {unknown}
 s - a potion of lignification {unknown}
 w - a potion of magic {unknown}
Books
 e - a book of Misfortune

   Spells                             Type                      Level
   a - Confusing Touch                Hexes                        1
   b - Confuse                        Hexes                        3
   c - Gell's Gravitas                Translocation                3
   d - Petrify                        Transmutation/Earth          4
   e - Metabolic Englaciation         Hexes/Ice                    5
   f - Yara's Violent Unravelling     Hexes/Transmutation          5
Comestibles
 c - 2 bread rations
 l - a royal jelly
 o - 3 meat rations
 v - a fruit


   Skills:
 + Level 4.2(1.7) Fighting
 + Level 4.5(2.0) Long Blades
 + Level 3.5(1.0) Armour
 + Level 1.2(0.0) Dodging
 + Level 2.6(0.2) Invocations


You had 5 spell levels left.
You didn't know any spells.

Dungeon Overview and Level Annotations

Branches:
Dungeon (3/15)

Altars:
Gozag

Annotations:
D:3 Crazy Yiuf


Innate Abilities, Weirdness & Mutations

You have a pair of small antennae on your head.


Message History

Unknown command.
You are confused.
You feel invigorated.
You feel sick. Crazy Yiuf hits you but does no damage.
You are lethally poisoned!
You are more confused.
You feel more invigorated.
* * * LOW HITPOINT WARNING * * *
You feel sick.
Crazy Yiuf screams, "Candle!
Proton tortoise broken."
Crazy Yiuf hits you but does no damage.
You are more confused.
You feel more invigorated.
You feel sick.
Crazy Yiuf hits you with a quarterstaff of chaos!
* * * LOW HITPOINT WARNING * * *
You feel your power leaking away.
It was a potion of curing.
You feel better.
You feel less invigorated.
Crazy Yiuf hits you with a quarterstaff of chaos!
* * * LOW HITPOINT WARNING * * *
You convulse!
You die...

...(#####..#
#....#
###.......>#
#....#
#..####..#
##...#
#..##.#..#
##.##
###..#.....#
##.#
.....#.....#
#.##
###........#
##.#
...#.....###
#.##
##.#.....#
#@#
##.#.###.#
#.g.# ##.#.#
#.# #...#
##.#####.#
#)..#
#.......(#
#####
#..#######
#.......#
#.#####.#
#.).....####


You could see Crazy Yiuf.

Vanquished Creatures
  Sigmund (D:3)
  An orc priest (D:3)
  Terence (D:3)
  Robin (D:3)
  8 adders
  A leopard gecko (D:2)
  4 orcs (D:2)
  3 bats
  2 giant cockroaches (D:3)
  17 goblins
  8 hobgoblins
  3 jackals (D:2)
  10 kobolds
  2 quokkas
  A ball python (D:3)
  4 frilled lizards
  10 rats
77 creatures vanquished.

Vanquished Creatures (others)
  A frilled lizard (D:1)
1 creature vanquished.

Grand Total: 78 creatures vanquished

Notes
Turn   | Place    | Note
-------+----------+-------------------------------------------
     0 | Abyss:1  | RusskiyBorsh the Demonspawn Abyssal Knight began the quest for the Orb.
     0 | Abyss:1  | Reached XP level 1. HP: 18/18 MP: 2/2
    15 | Abyss:1  | Noticed a raiju
    17 | D:1      | Escaped the Abyss
   838 | D:1      | Gained mutation: You have a pair of small antennae on your head. [demonic ancestry]
   838 | D:1      | Reached XP level 2. HP: 19/24 MP: 3/3
  1454 | D:2      | Reached * piety under Lugonu
  1557 | D:2      | Reached XP level 3. HP: 24/29 MP: 4/4
  1722 | D:2      | Found an opulent altar of Gozag.
  2812 | D:3      | Noticed Robin
  3082 | D:2      | Reached XP level 4. HP: 22/37 MP: 5/5
  3507 | D:2      | Reached skill level 1 in Dodging
  3652 | D:3      | Killed Robin
  3773 | D:3      | Noticed Sigmund
  3811 | D:2      | Reached ** piety under Lugonu
  3906 | D:3      | Killed Sigmund
  3906 | D:3      | Reached XP level 5. HP: 30/42 MP: 6/6
  3906 | D:3      | Reached XP level 6. HP: 35/48 MP: 7/7
  4331 | D:3      | Noticed Terence
  4346 | D:3      | Killed Terence
  4755 | D:3      | Found a runed door.
  4759 | D:3      | Noticed Crazy Yiuf
  4771 | D:3      | Slain by Crazy Yiuf

Skill      XL: |  1  2  3  4 |
---------------+-------------+-----
Long Blades    | 2 4 |  4.5
Armour         | 2 3 |  3.5
Dodging        | 1 |  1.2
Fighting       | 4 |  4.2
Invocations    | |  2.6

Action                   |  1- 3 |  4- 6 || total
-------------------------+-------+-------++-------
Melee: Falchion          |   129 |   176 ||   305
Invok: Depart the Abyss  |     1 |       ||     1
  Use: Scroll            |     7 |     2 ||     9
       Potion            |       |     5 ||     5
  Eat: Chunk             |     8 |       ||     8
       Bread ration      |       |     1 ||     1
       Fruit             |       |     1 ||     1
Armor: Chain mail        |    97 |   145 ||   242
       Leather armour    |     1 |       ||     1
Dodge: Dodged            |    61 |    55 ||   116
Block: Large shield      |       |    76 ||    76
       Rpst.: Falchion   |    21 |    18 ||    39
